 Dungeon Crawl Stone Soup version 0.19.1 (webtiles) character file.

96 M4edhros the Insei (level 4, -4/27 HPs)
             Began as an Octopode Necromancer on Dec 13, 2016.
             Slain by Banto's ghost (6 damage)
             ... on level 4 of the Dungeon.
             The game lasted 00:03:18 (771 turns).

M4edhros the Insei (Octopode Necromancer)            Turns: 771, Time: 00:03:18

Health: -4/27      AC:  1    Str:  4 (7)  XL:     4   Next: 67%
Magic:  7/7        EV: 13    Int: 19 (22) God:
Gold:   79         SH:  0    Dex: 11 (13) Spells: 3 memorised, 2 levels left

rFire  . . .     SeeInvis .     k - +0 glaive (venom)
rCold  . . .     Gourm    .     (shield currently unavailable)
rNeg   . . .     Faith    .     (helmet restricted)
rPois  .         Spirit   .     (no amulet)
rElec  .         Reflect  .     (no ring)
rCorr  .         Harm     .     (no ring)
MR     .....                    (no ring)
Stlth  +++.......               (no ring)
                                (no ring)
                                (no ring)
                                (no ring)
                                (no ring)

@: brilliant, exhausted, very slightly contaminated, hasted and slowed
A: almost no armour, stealthy swim, amphibious, 8 rings, constrict 8, camouflage
1, gelatinous body 1
a: no special abilities


You were on level 4 of the Dungeon.
You were hungry.

You visited 1 branch of the dungeon, and saw 4 of its levels.

You collected 79 gold pieces.

Inventory:

Hand Weapons
 k - a +0 glaive of venom (weapon)
Missiles
 d - 49 sling bullets
Scrolls
 h - a scroll of fog {unknown}
 j - a scroll of recharging {unknown}
Potions
 e - a potion of berserk rage
 l - a potion of resistance {unknown}
Books
 a - a book of Necromancy

   Spells                             Type                      Level
   a - Pain                           Necromancy                   1
   b - Animate Skeleton               Necromancy                   1
   c - Vampiric Draining              Necromancy                   3
   d - Regeneration                   Charms/Necromancy            3
   e - Animate Dead                   Necromancy                   4
   f - Control Undead                 Necromancy                   4
Comestibles
 b - 3 bread rations
 c - a meat ration
 m - a royal jelly


   Skills:
 - Level 2.0 Dodging
 - Level 2.6 Stealth
 + Level 4.1 Unarmed Combat
 - Level 2.0 Spellcasting
 - Level 4.0 Necromancy


You had 2 spell levels left.
You knew the following spells:

 Your Spells              Type           Power        Failure   Level  Hunger
a - Pain                  Necr           ####         1%          1    #......
b - Animate Skeleton      Necr           N/A          1%          1    #......
c - Regeneration          Chrm/Necr      ###.......   2%          3    ###....


Dungeon Overview and Level Annotations

Branches:
Dungeon (4/15)
 Temple: D:4-7

Altars:
Qazlal
Uskayaw
Yredelemnul

Annotations:
D:4 Banto's ghost, weakling FeAE


Innate Abilities, Weirdness & Mutations

You cannot wear most types of armour.
You are very stealthy in the water. (Stealth+)
You are amphibious.
You can wear up to eight rings at the same time.
You can use your tentacles to constrict eight enemies at once.
Your skin changes colour to match your surroundings (Stealth+).
Your rubbery body absorbs attacks. (AC +1, EV +1)


Message History

You are no longer berserk.
You pass out from exhaustion.
You feel yourself slow down.
Banto's ghost keens inconsolably.
Banto's ghost hits you.
* * * LOW HITPOINT WARNING * * *
Banto's ghost hits you but does no damage.
You can move again.
It was a potion of haste.
You feel yourself speed up. Banto's ghost closely misses you. x2
You are very lightly contaminated with residual magic.
It was a potion of degeneration.
There was something very wrong with that liquid.
You feel weakened.
You feel dopey.
You feel clumsy.
Banto's ghost says very slowly, "There's no hope."
Banto's ghost misses you.
It was a potion of brilliance.
You feel clever all of a sudden. Banto's ghost hits you.
You die...

#####......(.......#
# ##.#######.##### #
#.........########.#
####[..............#
#%###..##########
#.# #..# #.# #..#
..###..####
........W@.#
#.#########.# #.
########.# #W
.........# #
#######..# #..# #..#
#..# #.)#


You could see Banto's ghost.

Vanquished Creatures
  A crimson imp (D:4)
  Jessica (D:3)
  A hound skeleton (D:4)
  An ooze (D:4)
  A worm (D:4)
  2 dart slugs
  A bat (D:3)
  A giant cockroach (D:3)
  2 goblins (D:3)
  2 hobgoblins
  A quokka (D:4)
  2 frilled lizards
16 creatures vanquished.

Notes
Turn   | Place    | Note
-------+----------+-------------------------------------------
     0 | D:1      | M4edhros the Octopode Necromancer began the quest for the Orb.
     0 | D:1      | Reached XP level 1. HP: 11/11 MP: 3/3
    59 | D:3      | Reached skill level 1 in Unarmed Combat
   102 | D:3      | Noticed Jessica
   204 | D:3      | Reached XP level 2. HP: 3/17 MP: 0/5
   249 | D:3      | Killed Jessica
   249 | D:3      | Reached XP level 3. HP: 4/21 MP: 2/6
   252 | D:3      | Learned a level 1 spell: Animate Skeleton
   256 | D:3      | Learned a level 3 spell: Regeneration
   291 | D:3      | Found a basalt altar of Yredelemnul.
   291 | D:3      | Found a stormy altar of Qazlal.
   292 | D:3      | Found a hide-covered altar of Uskayaw.
   614 | D:4      | Reached XP level 4. HP: 27/27 MP: 5/7
   615 | D:4      | Noticed Banto's ghost (weakling FeAE)
   771 | D:4      | Slain by Banto's ghost

Skill      XL: |  1  2  3  4 |
---------------+-------------+-----
Unarmed Combat | 1 2 3 4 |  4.1
Dodging        | |  2.0
Stealth        | |  2.6
Spellcasting   | |  2.0
Necromancy     | |  4.0

Action                   |  1- 3 |  4- 6 || total
-------------------------+-------+-------++-------
Melee: Unarmed           |    13 |       ||    13
       Tentacles         |     3 |     2 ||     5
       Constrict         |     3 |     1 ||     4
       Glaive            |     2 |    15 ||    17
 Cast: Pain              |    22 |       ||    22
       Regeneration      |     2 |       ||     2
  Use: Scroll            |     2 |       ||     2
       Potion            |       |     4 ||     4
 Stab: Sleeping          |     1 |       ||     1
Armor: Skin              |     3 |     4 ||     7
Dodge: Dodged            |     7 |     9 ||    16
